 Dungeon Crawl Stone Soup version 0.29-a0-845-g6161e89988 (console) character file.

Game seed: 2443795288693271036

235999 jejorda2 the Impaler (level 19, -10/229 HPs)
             Began as a Gnoll Berserker on July 15, 2022.
             Was a High Priest of Trog.
             Mangled by a saltling (17 damage)
             ... in the Desolation of Salt.
             The game lasted 02:47:41 (53908 turns).

jejorda2 the Impaler (Gnoll Berserker)             Turns: 53908, Time: 02:47:41

Health: -10/229    AC: 31    Str: 23    XL:     19   Next: 19%
Magic:  36/36      EV: 11    Int: 14    God:    Trog [*****.]
Gold:   1023       SH:  0    Dex: 18    Spells: 44/44 levels left

rFire   + . .      SeeInvis .   a - +4 lajatang (speed)
rCold   . . .      Faith    +   (shield currently unavailable)
rNeg    + + .      Spirit   .   f - +0 gold dragon scales
rPois   +          Reflect  .   p - +2 helmet
rElec   +          Harm     .   y - +2 cloak {Stlth+}
rCorr   +          Rampage  .   V - +1 pair of gloves of the Tundras {rN++ Dex+4}
Will    +....                   h - +0 pair of boots
Stlth   ..........              R - amulet of faith
HPRegen 0.48/turn               s - ring "Wecierot" {Will+ rCorr Str-4 Int+7}
MPRegen 0.25/turn               x - ring of Zastig {rElec rC- Str+5 Slay+4}

@: confused, berserking, weak-willed, studying Polearms, very quick
A: fangs 1, strong nose, distributed training
}: 2/15 runes: barnacled, gossamer
a: Renounce Religion, Berserk, Trog's Hand, Brothers in Arms


You were in the Desolation of Salt.
You worshipped Trog.
Trog was extremely pleased with you.
You visited 6 branches of the dungeon, and saw 33 of its levels.
You also visited: Trove, Ice Cave and Desolation.

You collected 3920 gold pieces.
You spent 2897 gold pieces at shops.

Inventory:

Hand Weapons
 a - a +4 lajatang of speed (weapon)
 b - the +6 arbalest "Damnation" {damnation}
   (You bought it in a shop on level 1 of the Dungeon)

   Any ammunition fired from it explodes in a burst of damnation on striking a
   foe, dealing damage which bypasses armour.
Missiles
 e - 15 javelins
 z - 3 throwing nets
 A - 2 curare-tipped darts
 E - 5 atropa-tipped darts
 T - 2 boomerangs of dispersal
Armour
 f - +0 gold dragon scales (worn)
 h - a +0 pair of boots (worn)
 p - a +2 helmet (worn)
 y - a +2 cloak of stealth (worn)
 V - the +1 pair of gloves of the Tundras (worn) {rN++ Dex+4}
   (You found it on level 4 of the Spider Nest)

   Dex:       It affects your dexterity (+4).
   rN:        It greatly protects you from negative energy.
Jewellery
 l - a ring of see invisible
 s - the ring "Wecierot" (left hand) {Will+ rCorr Str-4 Int+7}
   (You found it in an ice cave)

   [ring of willpower]

   Str:       It affects your strength (-4).
   Int:       It affects your intelligence (+7).
   rCorr:     It protects you from acid and corrosion.
   Will:      It increases your willpower.
 x - the ring of Zastig (right hand) {rElec rC- Str+5 Slay+4}
   (You bought it in a shop on level 2 of the Orcish Mines)

   [ring of slaying]

   Str:       It affects your strength (+5).
   Slay:      It affects your accuracy & damage with ranged weapons and melee
   (+4).
   rC:        It makes you vulnerable to cold.
   rElec:     It insulates you from electricity.
 R - an amulet of faith (around neck)
Wands
 t - a wand of roots (11)
 B - a wand of flame (30)
 I - a wand of polymorph (15)
 J - a wand of acid (13)
 Q - a wand of charming (16)
 Z - a wand of digging (11)
Scrolls
 i - a scroll of poison
 D - 10 scrolls of teleportation
 G - 3 scrolls of fog
 H - 2 scrolls of magic mapping
 L - 3 scrolls of summoning
 N - 2 scrolls of blinking
 W - 3 scrolls of fear
 X - 2 scrolls of silence
 Y - 5 scrolls of immolation
Potions
 c - 6 potions of cancellation
 d - 13 potions of curing
 g - 4 potions of haste
 k - 2 potions of heal wounds
 n - 8 potions of flight
 q - 2 potions of resistance
 r - 3 potions of magic
 u - 4 potions of mutation
 C - a potion of berserk rage
 O - 7 potions of ambrosia
 P - 2 potions of lignification
 S - 4 potions of invisibility
 U - 4 potions of might
Miscellaneous
 m - a tin of tremorstones (2/2)
 M - a phial of floods


   Skills:
 + Level 14.7 Fighting
 + Level 13.3 Short Blades
 + Level 13.3 Long Blades
 + Level 13.3 Axes
 + Level 14.7 Maces & Flails
 + Level 16.0 Polearms
 + Level 13.3 Staves
 + Level 13.3 Ranged Weapons
 + Level 13.3 Throwing
 + Level 14.0 Armour
 + Level 14.0 Dodging
 + Level 13.3 Stealth
 + Level 13.3 Shields
 + Level 13.3 Unarmed Combat
 + Level 13.3 Spellcasting
 + Level 11.3 Conjurations
 + Level 11.3 Hexes
 + Level 11.3 Summonings
 + Level 11.3 Necromancy
 + Level 11.3 Translocations
 + Level 11.3 Transmutations
 + Level 11.3 Fire Magic
 + Level 11.3 Ice Magic
 + Level 11.3 Air Magic
 + Level 11.3 Earth Magic
 + Level 11.3 Poison Magic
 + Level 14.4 Invocations
 + Level 13.3 Evocations


You had 44 spell levels left.
You didn't know any spells.
Your spell library was empty.

Dungeon Overview and Level Annotations

Branches:
Dungeon (15/15)            Temple (0/1) D:7            Lair (6/6) D:9
 Shoals (4/4) Lair:3       Spider (4/4) Lair:3        Slime (0/5) Lair:5
    Orc (2/2) D:11            Elf (2/3) Orc:2        Vaults (0/5) D:13
 Depths (0/4) D:15          IceCv (visited)         Desolation (1/1)

Altars:
Cheibriados
Dithmenos
Gozag
Kikubaaqudgha
Makhleb
Nemelex Xobeh
Okawaru
Qazlal
Ru
Sif Muna
Trog
Vehumet
Wu Jian
Xom
Yredelemnul
Jiyva

Shops:
D:1 (   D:3 *   D:11 =*   D:12 (   Orc:2 =[*(   Elf:2 (   Shoals:1 *

Annotations:
Spider:3 3 runed translucent doors, exclusions: 3 doors and 1 more exclusion, Kaytir's ghost, adept TrCA


Innate Abilities, Weirdness & Mutations

You have very sharp teeth.
Your uncanny sense of smell can sniff out nearby items.
Your experience applies equally to all skills.


Message History

The saltling hits you!
* * * LOW HITPOINT WARNING * * *
You slice the imperial myrmidon!!
The imperial myrmidon is heavily wounded.
The imperial myrmidon hits you with a +0 scimitar!
* * * LOW HITPOINT WARNING * * *
The saltling barely misses you.
Unknown command.
You miss the imperial myrmidon.
The imperial myrmidon is heavily wounded.
The saltling hits you.
* * * LOW HITPOINT WARNING * * *
Unknown command.
You miss the imperial myrmidon. Your bite misses the imperial myrmidon.
The imperial myrmidon is heavily wounded.
The saltling completely misses you.
Your iron troll bites the saltling!
Your iron troll claws the saltling!!
The saltling is destroyed!
Trog accepts your kill.
The imperial myrmidon gestures at you while chanting.
You are confused.
The servant of whispers mumbles some strange prayers to its god.
The air becomes perfectly still.
A saltling comes into view.
You are too berserk!
You barely miss the servant of whispers.
You bite the servant of whispers!
The servant of whispers is heavily wounded.
The saltling hits you!
* * * LOW HITPOINT WARNING * * *
The imperial myrmidon hits you but does no damage.
The servant of whispers hits you but does no damage.
Items here: ) [.
You slash the saltling! Your bite misses the saltling.
The saltling is heavily damaged.
The saltling hits you but does no damage.
You slice the imperial myrmidon!!
The imperial myrmidon is severely wounded.
The saltling hits you!
You die...

.......................
.....∩.∩...............
......................
..................8.#
............#.....)#
.................9#
................T.#
...............a9)#
.........#.....9@a#
..................#∆∆
..................# ∆ ∆
...................
...#.......#........
.....................
......................
..............


You could see a servant of whispers (strong, stilling wind, drained), an
imperial myrmidon (strong), 3 saltlings and a friendly iron troll (summoned,
berserk, drained).

Vanquished Creatures
  Bai Suzhen (Shoals:3)
  Nikola (Shoals:1)
  Polyphemus (Shoals:3)
  Roxanne (Spider:3)
  A fire giant (D:15)
  2 imperial myrmidons (Desolation)
  8 emperor scorpions
  A deep elf sorcerer (Elf:1)
  An orc warlord (Orc:2)
  2 ghost moths
  A broodmother (Spider:3)
  A halazid warlock (Desolation)
  5 entropy weavers
  Azrael (D:12)
  A spark wasp (Spider:3)
  7 merfolk impalers
  6 merfolk javelineers
  A peacekeeper (Desolation)
  A vault guard (D:13)
  2 rakshasas
  3 jorogumos
  7 hydras
  3 boulder beetles
  3 merfolk avatars
  6 radroaches
  A merfolk aquamancer (Shoals:3)
  9 dancing weapons
  4 catoblepae
  An alligator snapping turtle (Shoals:3)
  2 centaur warriors
  3 two-headed ogres
  16 death yaks
  A death knight (D:12)
  5 orc high priests (Orc:2)
  9 satyrs
  3 tengu warriors
  A deep elf knight (Elf:1)
  5 pharaoh ants
  An ironbound convoker (Desolation)
  11 orb spiders
  3 steelbarb worms
  3 wizards
  11 sea snakes
  2 orc knights (Orc:2)
  3 deep elf archers (Elf:1)
  2 necromancers (D:13)
  A lindwurm (Lair:5)
  7 deep elf pyromancers
  7 harpies
  3 orc sorcerers
  22 wolf spiders
  4 deep elf zephyrmancers (Elf:1)
  3 cyclopes
  25 fauns
  14 ugly things
  21 manticores
  4 moths of wrath
  5 merfolk sirens
  8 elephants
  5 black mambas
  11 water nymphs
  Joseph (D:7)
  4 ice statues
  2 gargoyles
  Psyche (D:8)
  4 torpor snails
  17 cane toads
  4 demonic crawlers
  3 komodo dragons
  A rime drake (Lair:6)
  3 tengu conjurers (D:9)
  An entropy weaver simulacrum (IceCv)
  33 merfolk
  3 meliai (D:14)
  8 trolls
  A queen bee (shapeshifter) (D:14)
  8 wind drakes
  28 tarantellas
  A polar bear (Lair:5)
  15 blink frogs
  Grinder (D:6)
  A blink frog (shapeshifter) (D:13)
  4 slime creatures (D:12)
  16 culicivoras
  31 jumping spiders
  8 snapping turtles
  4 spriggans
  5 wyverns
  Sigmund (D:3)
  4 wraiths
  45 yaks
  19 humans (D:13)
  2 water elementals (Shoals:3)
  5 fire elementals
  3 steam dragons
  61 redbacks
  9 basilisks
  5 wargs
  9 vampire mosquitoes
  A harpy simulacrum (IceCv)
  5 hell hounds (D:12)
  2 acid dragons
  Duvessa (D:6)
  15 water moccasins
  35 orc warriors
  4 black bears
  An ice beast (D:5)
  A sky beast (D:7)
  11 ogres
  16 wolves
  7 centaurs
  6 boggarts
  A phantom (D:5)
  Blork the orc (D:4)
  A necrophage (D:5)
  7 kobold brigands
  13 bullfrogs
  2 gnoll sergeants
  An earth elemental (Elf:1)
  2 cane toad simulacra (IceCv)
  3 scorpions
  4 wights (D:8)
  Dowan (D:6)
  3 killer bees (D:8)
  3 elephant simulacra (IceCv)
  The ghost of mathmaestro the Grave Robber, a weakling DsNe (D:5)
  7 electric eels
  8 howler monkeys
  A lava snake (D:15)
  2 jellies
  3 hounds
  12 orc priests
  Crazy Yiuf (D:4)
  Natasha (thrice) (D:2)
  3 iguanas
  20 orc wizards
  A polar bear simulacrum (IceCv)
  A wolf simulacrum (IceCv)
  15 gnolls
  5 adders
  2 shadow imps
  3 white imps
  4 ufetubi
  3 worms
  2 dart slugs (D:1)
  76 orcs
  7 ball pythons
  4 bats
  7 endoplasms
  3 giant cockroaches
  3 goblins
  5 hobgoblins
  7 jackals
  6 quokkas
  6 frilled lizards
  12 kobolds
  7 rats
  A fire vortex (D:15)
1062 creatures vanquished.

Vanquished Creatures (collateral kills)
  A death yak (Lair:6)
  A guardian serpent (Desolation)
  2 saltlings (Desolation)
  A yak (Lair:6)
5 creatures vanquished.

Vanquished Creatures (others)
  A wizard (D:13)
  A merfolk siren (Shoals:1)
  A saltling (Desolation)
  An orc priest (D:12)
  3 orcs
  40 fungi
  231 plants
278 creatures vanquished.

Grand Total: 1345 creatures vanquished

Notes
Turn   | Place    | Note
-------+----------+-------------------------------------------
     0 | D:1      | jejorda2 the Gnoll Berserker began the quest for the Orb.
     0 | D:1      | Reached XP level 1. HP: 23/23 MP: 1/1
   246 | D:1      | Found Wuimn's Weapon Emporium.
   399 | D:1      | Reached XP level 2. HP: 26/29 MP: 2/2
   798 | D:1      | Found a faded altar of an unknown god.
   813 | D:1      | Reached XP level 3. HP: 35/35 MP: 3/3
   912 | D:2      | Noticed Natasha
  1102 | D:2      | Killed Natasha
  1103 | D:2      | Reached skill level 1 in Short Blades
  1103 | D:2      | Reached skill level 1 in Long Blades
  1103 | D:2      | Reached skill level 1 in Axes
  1103 | D:2      | Reached skill level 1 in Polearms
  1103 | D:2      | Reached skill level 1 in Staves
  1103 | D:2      | Reached skill level 1 in Ranged Weapons
  1103 | D:2      | Reached skill level 1 in Throwing
  1103 | D:2      | Reached skill level 1 in Stealth
  1103 | D:2      | Reached skill level 1 in Shields
  1103 | D:2      | Reached skill level 1 in Unarmed Combat
  1103 | D:2      | Reached skill level 1 in Spellcasting
  1103 | D:2      | Reached skill level 1 in Invocations
  1103 | D:2      | Reached skill level 1 in Evocations
  1335 | D:2      | Reached XP level 4. HP: 33/41 MP: 5/5
  1450 | D:2      | Noticed Natasha
  1464 | D:2      | Killed Natasha
  1465 | D:2      | Reached skill level 1 in Conjurations
  1465 | D:2      | Reached skill level 1 in Hexes
  1465 | D:2      | Reached skill level 1 in Summonings
  1465 | D:2      | Reached skill level 1 in Necromancy
  1465 | D:2      | Reached skill level 1 in Translocations
  1465 | D:2      | Reached skill level 1 in Transmutations
  1465 | D:2      | Reached skill level 1 in Fire Magic
  1465 | D:2      | Reached skill level 1 in Ice Magic
  1465 | D:2      | Reached skill level 1 in Air Magic
  1465 | D:2      | Reached skill level 1 in Earth Magic
  1465 | D:2      | Reached skill level 1 in Poison Magic
  1711 | D:2      | Found an ornate altar of the Wu Jian Council.
  1830 | D:2      | Noticed Natasha
  1846 | D:2      | Killed Natasha
  1993 | D:2      | Reached XP level 5. HP: 47/47 MP: 7/7
  2006 | D:2      | Reached ** piety under Trog
  2940 | D:3      | Found a basalt altar of Yredelemnul.
  2940 | D:3      | Found an ornate altar of the Wu Jian Council.
  3262 | D:3      | Found Guthysumm's Assorted Antiques.
  3266 | D:3      | Noticed Sigmund
  3275 | D:3      | Killed Sigmund
  3276 | D:3      | Reached skill level 2 in Polearms
  3276 | D:3      | Reached skill level 5 in Armour
  3276 | D:3      | Reached skill level 5 in Dodging
  3276 | D:3      | Reached XP level 6. HP: 35/53 MP: 7/9
  3821 | D:3      | Found a shimmering blue altar of Sif Muna.
  4004 | D:4      | Reached XP level 7. HP: 60/60 MP: 10/10
  4454 | D:4      | Noticed Blork the orc
  4459 | D:4      | Killed Blork the orc
  4519 | D:4      | Noticed a moth of wrath
  4522 | D:4      | Found a bloodstained altar of Trog.
  4665 | D:4      | Found an ancient bone altar of Kikubaaqudgha.
  4767 | D:4      | Found a burning altar of Makhleb.
  4989 | D:4      | Found a runed translucent door.
  4990 | D:4      | Noticed Crazy Yiuf
  4997 | D:4      | Killed Crazy Yiuf
  5213 | D:4      | Reached skill level 3 in Polearms
  5213 | D:4      | Reached XP level 8. HP: 53/67 MP: 12/12
  5425 | D:5      | Entered Level 5 of the Dungeon
  5529 | D:5      | Reached *** piety under Trog
  5695 | D:3      | Bought a bubbling silvery potion for 18 gold pieces
  5695 | D:3      | Bought a bubbling silvery potion for 18 gold pieces
  5799 | D:5      | Found a runed translucent gate.
  5799 | D:5      | Found an opulent altar of Gozag.
  5799 | D:5      | Found a runed translucent gate.
  5799 | D:5      | Noticed a wraith
  5800 | D:5      | Found a runed translucent gate.
  5800 | D:5      | Noticed mathmaestro's ghost (weakling DsNe)
  6151 | D:5      | Found a stormy altar of Qazlal.
  6359 | D:5      | Found a sparkling altar of Nemelex Xobeh.
  6469 | D:5      | Killed mathmaestro's ghost
  6477 | D:5      | Killed a wraith
  6878 | D:5      | Reached XP level 9. HP: 73/73 MP: 14/14
  7014 | D:6      | Reached skill level 4 in Polearms
  7395 | D:6      | Noticed Dowan
  7406 | D:6      | Killed Dowan
  7421 | D:6      | Noticed Duvessa
  7437 | D:6      | Killed Duvessa
  7636 | D:6      | Found a sacrificial altar of Ru.
  7749 | D:6      | Noticed Grinder
  7764 | D:6      | Killed Grinder
  8106 | D:7      | Reached skill level 5 in Invocations
  8135 | D:7      | Found a staircase to the Ecumenical Temple.
  8186 | D:7      | Noticed Joseph
  8195 | D:7      | Killed Joseph
  8637 | D:8      | Noticed Psyche
  8949 | D:8      | Killed Psyche
  8950 | D:8      | Reached skill level 5 in Short Blades
  8950 | D:8      | Reached skill level 5 in Long Blades
  8950 | D:8      | Reached skill level 5 in Axes
  8950 | D:8      | Reached skill level 5 in Polearms
  8950 | D:8      | Reached skill level 5 in Staves
  8950 | D:8      | Reached skill level 5 in Ranged Weapons
  8950 | D:8      | Reached skill level 5 in Throwing
  8950 | D:8      | Reached skill level 5 in Stealth
  8950 | D:8      | Reached skill level 5 in Shields
  8950 | D:8      | Reached skill level 5 in Unarmed Combat
  8950 | D:8      | Reached skill level 5 in Spellcasting
  8950 | D:8      | Reached skill level 5 in Evocations
  8950 | D:8      | Reached XP level 10. HP: 82/82 MP: 17/17
 10315 | D:8      | Found a shadowy altar of Dithmenos.
 10345 | D:8      | Found an opulent altar of Gozag.
 10912 | D:9      | Found a snail-covered altar of Cheibriados.
 10992 | D:9      | Found a shimmering altar of Xom.
 11057 | D:9      | Found the +0 staff of Battle
 11062 | D:9      | Reached skill level 6 in Polearms
 11315 | D:9      | Reached skill level 5 in Conjurations
 11315 | D:9      | Reached skill level 5 in Hexes
 11315 | D:9      | Reached skill level 5 in Summonings
 11315 | D:9      | Reached skill level 5 in Necromancy
 11315 | D:9      | Reached skill level 5 in Translocations
 11315 | D:9      | Reached skill level 5 in Transmutations
 11315 | D:9      | Reached skill level 5 in Fire Magic
 11315 | D:9      | Reached skill level 5 in Ice Magic
 11315 | D:9      | Reached skill level 5 in Air Magic
 11315 | D:9      | Reached skill level 5 in Earth Magic
 11315 | D:9      | Reached skill level 5 in Poison Magic
 11360 | D:9      | Reached XP level 11. HP: 76/89 MP: 20/20
 11368 | D:9      | HP: 5/133 [basilisk (8)]
 11980 | D:9      | Found a staircase to the Lair.
 12080 | D:10     | Entered Level 10 of the Dungeon
 12313 | D:10     | Found an iron altar of Okawaru.
 12545 | D:10     | Found a radiant altar of Vehumet.
 12904 | D:10     | Noticed a boulder beetle
 12915 | D:10     | Killed a boulder beetle
 13401 | D:11     | Noticed a cyclops
 13408 | D:11     | Killed a cyclops
 13464 | D:11     | Found Laoloer's Assorted Antiques.
 13473 | D:11     | Bought a scroll of identify for 56 gold pieces
 13473 | D:11     | Bought a scroll labelled COYSHESSUGGI for 28 gold pieces
 13509 | D:11     | Noticed a two-headed ogre
 13511 | D:11     | Noticed a manticore
 13515 | D:11     | Killed a two-headed ogre
 13528 | D:11     | Killed a manticore
 13705 | D:11     | Noticed a manticore
 13723 | D:11     | Killed a manticore
 14117 | D:11     | Noticed a boulder beetle
 14128 | D:11     | Killed a boulder beetle
 14129 | D:11     | Reached skill level 7 in Polearms
 14362 | D:11     | Found a staircase to the Orcish Mines.
 14395 | D:11     | Reached XP level 12. HP: 85/97 MP: 22/22
 14395 | D:11     | Reached **** piety under Trog
 14690 | D:11     | Noticed a four-headed hydra
 14700 | D:11     | Killed a five-headed hydra
 14834 | D:11     | Identified the +7 plate armour of the Lost Path {Will+
                  | Str+2 Int+3 Slay+3}
 14883 | D:11     | Found Buxzeck's Jewellery Boutique.
 15004 | D:11     | Noticed a two-headed ogre
 15013 | D:11     | Killed a two-headed ogre
 15448 | Lair:1   | Entered Level 1 of the Lair of Beasts
 15707 | Lair:1   | Noticed a seven-headed hydra
 15716 | Lair:1   | Reached skill level 10 in Fighting
 15716 | Lair:1   | Reached skill level 10 in Maces & Flails
 15725 | Lair:1   | Killed a seven-headed hydra
 17587 | Lair:3   | Noticed a seven-headed hydra
 17595 | Lair:3   | Killed a seven-headed hydra
 17673 | Lair:3   | Noticed a four-headed hydra
 17686 | Lair:3   | Killed a four-headed hydra
 17778 | Lair:3   | Reached skill level 8 in Polearms
 17832 | Lair:3   | Found a hole to the Spider Nest.
 18534 | Lair:3   | Reached XP level 13. HP: 86/104 MP: 25/25
 18854 | Lair:3   | Found a staircase to the Shoals.
 20495 | Lair:5   | Reached ***** piety under Trog
 20525 | Lair:5   | Reached skill level 10 in Armour
 20525 | Lair:5   | Reached skill level 10 in Dodging
 20967 | D:1      | Bought the +6 arbalest "Damnation" {damnation} for 800 gold
                  | pieces
 20967 | D:1      | Found the +6 arbalest "Damnation" {damnation}
 21284 | Lair:5   | Reached skill level 9 in Polearms
 21585 | Lair:5   | Found a viscous altar of Jiyva.
 21585 | Lair:5   | Found a staircase to the Slime Pits.
 21902 | Lair:6   | Entered Level 6 of the Lair of Beasts
 21919 | Lair:6   | Reached XP level 14. HP: 99/113 MP: 27/27
 22144 | Lair:6   | Reached skill level 10 in Invocations
 22893 | Lair:6   | Received a gift from Trog
 24055 | Orc:1    | Entered Level 1 of the Orcish Mines
 24395 | Orc:2    | Entered Level 2 of the Orcish Mines
 24401 | Orc:2    | Received a gift from Trog
 24459 | Orc:2    | Found a frozen archway.
 24481 | IceCv    | Entered an ice cave
 25012 | IceCv    | Identified the ring "Wecierot" {Will+ rCorr Str-4 Int+7}
 25117 | Orc:2    | Found a staircase to the Elven Halls.
 25170 | Orc:2    | Reached skill level 10 in Polearms
 25260 | Orc:2    | Found Dufuhant's Antique Armour Shoppe.
 25301 | Orc:2    | Reached skill level 10 in Short Blades
 25301 | Orc:2    | Reached skill level 10 in Long Blades
 25301 | Orc:2    | Reached skill level 10 in Axes
 25301 | Orc:2    | Reached skill level 10 in Staves
 25301 | Orc:2    | Reached skill level 10 in Ranged Weapons
 25301 | Orc:2    | Reached skill level 10 in Throwing
 25301 | Orc:2    | Reached skill level 10 in Stealth
 25301 | Orc:2    | Reached skill level 10 in Shields
 25301 | Orc:2    | Reached skill level 10 in Unarmed Combat
 25301 | Orc:2    | Reached skill level 10 in Spellcasting
 25301 | Orc:2    | Reached skill level 10 in Evocations
 25814 | Orc:2    | Found Ixahat's Antique Weapon Emporium.
 25854 | Orc:2    | Found Rinluoc's General Store.
 25888 | Orc:2    | Reached XP level 15. HP: 120/120 MP: 29/29
 25979 | Orc:2    | Received a gift from Trog
 26095 | Orc:2    | Found Kouschukk's Jewellery Shoppe.
 26138 | Orc:2    | Noticed an orc warlord
 26147 | Orc:2    | Killed an orc warlord
 26799 | Orc:1    | You fall into a shaft and drop 1 floor!
 27031 | Orc:2    | Bought the ring of Zastig {rElec rC- Str+5 Slay+4} for 1337
                  | gold pieces
 27462 | D:12     | Found Nuxkul's Weapon Emporium.
 27785 | D:12     | Noticed Azrael
 27821 | D:12     | Killed Azrael
 29012 | D:13     | Reached skill level 11 in Polearms
 29021 | D:13     | Received a gift from Trog
 29119 | D:13     | Found a gate to the Vaults.
 30089 | D:14     | Reached ****** piety under Trog
 30540 | D:14     | Received a gift from Trog
 31050 | D:14     | Found a portal to a secret trove of treasure.
 31060 | Trove    | Entered a treasure trove
 31110 | Trove    | Identified the +2 executioner's axe of Wiwnumpil {venom,
                  | rF++}
 31345 | D:15     | Entered Level 15 of the Dungeon
 31368 | D:15     | Found a staircase to the Depths.
 31368 | D:15     | Noticed a fire giant
 32454 | D:15     | Reached XP level 16. HP: 112/129 MP: 30/30
 32934 | D:15     | Reached skill level 12 in Polearms
 33527 | Spider:1 | Entered Level 1 of the Spider Nest
 33979 | Spider:1 | Found a runed translucent door.
 34861 | Spider:1 | Identified the +3 chain mail of Gozag's Brutal Revenge
                  | {rElec}
 34911 | Spider:2 | Reached * piety under Trog
 37013 | Spider:3 | Reached skill level 13 in Polearms
 37274 | Spider:3 | Identified Roxanne's Meditations on Shapeshifting
 37274 | Spider:3 | Noticed Roxanne
 37295 | Spider:3 | Killed Roxanne
 38067 | Spider:3 | Noticed Kaytir's ghost (adept TrCA)
 38076 | Spider:3 | Found a runed translucent gate.
 38076 | Spider:3 | Found a runed translucent gate.
 38076 | Spider:3 | Found a runed translucent gate.
 38149 | Spider:3 | Reached XP level 17. HP: 136/137 MP: 32/32
 38688 | Spider:3 | Reached skill level 10 in Conjurations
 38688 | Spider:3 | Reached skill level 10 in Hexes
 38688 | Spider:3 | Reached skill level 10 in Summonings
 38688 | Spider:3 | Reached skill level 10 in Necromancy
 38688 | Spider:3 | Reached skill level 10 in Translocations
 38688 | Spider:3 | Reached skill level 10 in Transmutations
 38688 | Spider:3 | Reached skill level 10 in Fire Magic
 38688 | Spider:3 | Reached skill level 10 in Ice Magic
 38688 | Spider:3 | Reached skill level 10 in Air Magic
 38688 | Spider:3 | Reached skill level 10 in Earth Magic
 38688 | Spider:3 | Reached skill level 10 in Poison Magic
 39754 | Orc:2    | Bought a phial of floods for 640 gold pieces
 40029 | Shoals:1 | Entered Level 1 of the Shoals
 40029 | Shoals:1 | Noticed Nikola
 40062 | Shoals:1 | Killed Nikola
 40718 | Shoals:1 | Found Tojyetry's Overcharged Wands.
 42596 | Shoals:2 | Reached skill level 14 in Polearms
 44248 | Shoals:3 | Received a gift from Trog
 44403 | Shoals:3 | HP: 6/207 [merfolk/+0 glaive[a merfolk impaler] (12)]
 44412 | Shoals:3 | Noticed Bai Suzhen
 44447 | Shoals:4 | Entered Level 4 of the Shoals
 45283 | Shoals:3 | Reached XP level 18. HP: 131/146 MP: 34/34
 45422 | Shoals:3 | Killed Bai Suzhen
 45971 | Spider:4 | Entered Level 4 of the Spider Nest
 46415 | Spider:4 | Received a gift from Trog
 47668 | Spider:4 | Reached skill level 15 in Polearms
 48144 | Spider:4 | Identified the +1 pair of gloves of the Tundras {rN++
                  | Dex+4}
 48185 | Spider:4 | Got a gossamer rune of Zot
 49047 | Shoals:3 | Received a gift from Trog
 50465 | Shoals:4 | Got a barnacled rune of Zot
 50516 | Shoals:4 | Received a gift from Trog
 50615 | Shoals:4 | Identified the +9 spear of Origalum {flame, Str+3 Int+4}
 50859 | Shoals:4 | Identified the +4 war axe of Instant Death {protect, rN+}
 50982 | Shoals:3 | Noticed Polyphemus
 50988 | Shoals:3 | Killed Polyphemus
 51535 | Elf:1    | Entered Level 1 of the Elven Halls
 52403 | Elf:1    | Reached XP level 19. HP: 153/153 MP: 36/36
 53293 | Elf:1    | Received a gift from Trog
 53741 | Elf:2    | Found Kegin's Weapon Boutique.
 53744 | Elf:2    | Found a crumbling gateway.
 53759 | Desolati | Entered the Desolation of Salt
 53899 | Desolati | Reached skill level 16 in Polearms
 53906 | Desolati | HP: 6/229 [saltling (7)]
 53908 | Desolati | Mangled by a saltling

Illustrated notes

Levels and vault maps discovered:
D:1:      saegor_arrival_simple_c, layout_loops_cross,
          hellmonk_ecumenical_altar_crossroads, serial_shops,
          nicolae_diamond_shop
D:2:      layout_basic, basic_altar, kennysheep_generic_room_2, uniq_natasha
D:3:      layout_basic, nicolae_sif_muna_little_library,
          gammafunk_temple_overflow_wave, serial_shops, shop_fountains,
          uniq_sigmund
D:4:      layout_loops_corners, mainiacjoe_overflow_surrounded_room,
          kennysheep_mini_moat, tgw_trog, minmay_starry_boxes,
          uniq_blork_the_orc, uniq_crazy_yiuf_cottage
D:5:      layout_loops_ring, mainiacjoe_overflow_alcove_2,
          nemelex_spade_bored_becter, ebering_ghost_gozag
D:6:      layout_basic, mainiacjoe_overflow_24_doors, minmay_misc_feat_enclosed,
          lemuel_flamethrower_1, uniq_duvessa, uniq_grinder
D:7:      layout_basic, minmay_temple_entry_statues_pillars, uniq_joseph
D:8:      layout_cave_pools, mainiacjoe_overflow_two_lobes,
          chequers_serial_rivers_room_a, chequers_hall_statues_y,
          kennysheep_generic_room_8, uniq_psyche
D:9:      layout_rooms, mainiacjoe_overflow_large_starburst, erik_lair_dragon,
          serial_park_tiny_1, hellmonk_guarded_unrand_staff_of_battle
D:10:     layout_basic, mainiacjoe_overflow_six_doors_small,
          lemuel_doored_altar, the_hattery
D:11:     layout_cave_pods, kennysheep_orc_monster_closet_entryway,
          serial_shops, nicolae_diamond_shop, nicolae_lakefront_shop,
          st_stairs_3, minmay_fractal_squares_gapless_5
D:12:     layout_roguey [special_room_orc], serial_shops, shop,
          minmay_large_rounded_square, uniq_azrael
D:13:     layout_grid_maze, grunt_vaults_entry_tiered,
          hangedman_decor_clover_reticule
D:14:     layout_loops_cross, serial_park_tiny_2, enter_trove_6
D:15:     grunt_enter_depths_giant_problem, layout_rooms, kennysheep_doodads,
          minivault_16
Lair:1:   layout_hall_layers, grunt_megastairs_2
Lair:2:   layout_small_grid
Lair:3:   layout_loops_ring, minmay_shoals_entry_beasts,
          nicolae_spider_entry_orb_guardian, wad_woods_02
Lair:4:   layout_misc_corridors, beast_lair_carwin_3
Lair:5:   layout_regular_city, dpeg_slime_entry_enclosed, lemuel_fruit_fields
Lair:6:   evilmike_catoblepas_cave, layout_regular_city
Shoals:1: layout_shoals, nicolae_shop_overcharged_wands, uniq_nikola
Shoals:2: layout_shoals
Shoals:3: layout_shoals, uniq_bai_suzhen, uniq_polyphemus
Shoals:4: shoals_end_grunt_garden, layout_shoals,
          nicolae_shoals_arrival_archipelago
Spider:1: cheibrodos_spider_deadly_dance
Spider:2: layout_spider_delve
Spider:3: nicolae_spider_hilbert_zone_6 [nicolae_spider_hilbert_4_sides_1_open,
          nicolae_spider_hilbert_4_sides_1_open,
          nicolae_spider_hilbert_4_sides_1_open,
          nicolae_spider_hilbert_4_sides_1_open,
          nicolae_spider_hilbert_4_sides_1_open,
          nicolae_spider_hilbert_4_sides_1_open,
          nicolae_spider_hilbert_4_sides_1_open], gammafunk_ghost_split,
          uniq_roxanne
Spider:4: grunt_spider_rune_circles
Orc:1:    layout_caves
Orc:2:    grunt_orc_gardens, layout_caves, grunt_orc_garden, grunt_orc_garden,
          grunt_orc_garden, grunt_orc_garden, portal_ice_cave_entry_pillars_1
Elf:1:    layout_onion_city, hangedman_elf_disciples, minivault_25, st_stairs_8
Elf:2:    elven_hall_of_blades_hangedman_original
          [nicolae_blade_entry_hurt_lockers], layout_geoelf_grid, basic_altar,
          portal_desolation_entry_ruin, serial_shops, nicolae_square_shop, shop,
          shop, nicolae_shop_stone
Desolation

Skill      XL: |  1  2  3  4  5  6  7  8  9 10 11 12 13 14 15 16 17 18 19 |
---------------+----------------------------------------------------------+-----
Short Blades   | 1 2 3 5 6 7 8 9 10 11 12 13 | 13.3
Long Blades    | 1 2 3 5 6 7 8 9 10 11 12 13 | 13.3
Axes           | 1 2 3 5 6 7 8 9 10 11 12 13 | 13.3
Polearms       | 1 2 3 5 6 7 8 9 10 11 13 14 15 16 | 16.0
Staves         | 1 2 3 5 6 7 8 9 10 11 12 13 | 13.3
Ranged Weapons | 1 2 3 5 6 7 8 9 10 11 12 13 | 13.3
Throwing       | 1 2 3 5 6 7 8 9 10 11 12 13 | 13.3
Stealth        | 1 2 3 5 6 7 8 9 10 11 12 13 | 13.3
Shields        | 1 2 3 5 6 7 8 9 10 11 12 13 | 13.3
Unarmed Combat | 1 2 3 5 6 7 8 9 10 11 12 13 | 13.3
Spellcasting   | 1 2 3 5 6 7 8 9 10 11 12 13 | 13.3
Invocations    | 1 2 3 4 5 6 7 8 9 10 11 12 13 14 | 14.4
Evocations     | 1 2 3 5 6 7 8 9 10 11 12 13 | 13.3
Conjurations   | 1 2 3 4 5 6 7 8 9 10 11 | 11.3
Hexes          | 1 2 3 4 5 6 7 8 9 10 11 | 11.3
Summonings     | 1 2 3 4 5 6 7 8 9 10 11 | 11.3
Necromancy     | 1 2 3 4 5 6 7 8 9 10 11 | 11.3
Translocations | 1 2 3 4 5 6 7 8 9 10 11 | 11.3
Transmutations | 1 2 3 4 5 6 7 8 9 10 11 | 11.3
Fire Magic     | 1 2 3 4 5 6 7 8 9 10 11 | 11.3
Ice Magic      | 1 2 3 4 5 6 7 8 9 10 11 | 11.3
Air Magic      | 1 2 3 4 5 6 7 8 9 10 11 | 11.3
Earth Magic    | 1 2 3 4 5 6 7 8 9 10 11 | 11.3
Poison Magic   | 1 2 3 4 5 6 7 8 9 10 11 | 11.3
Armour         | 5 6 7 8 9 10 11 12 13 14 | 14.0
Dodging        | 5 6 7 8 9 10 11 12 13 14 | 14.0
Fighting       | 7 8 9 10 11 12 13 14 | 14.7
Maces & Flails | 7 8 9 10 11 12 13 14 | 14.7

Action                   |  1- 3 |  4- 6 |  7- 9 | 10-12 | 13-15 | 16-18 | 19-21 || total
-------------------------+-------+-------+-------+-------+-------+-------+-------++-------
Melee: Mace              |    94 |    75 |       |       |       |       |       ||   169
       Bite              |     7 |    15 |    45 |    83 |   126 |   141 |     7 ||   424
       Punch             |     1 |       |       |       |       |       |       ||     1
       Flail             |       |    63 |   424 |   258 |       |       |       ||   745
       Lajatang          |       |       |       |   284 |   834 |   996 |    61 ||  2175
       Dire flail        |       |       |       |    28 |     5 |       |       ||    33
       Arbalest          |       |       |       |       |       |     1 |       ||     1
 Fire: Arbalest          |       |       |       |       |   249 |   501 |    33 ||   783
Throw: Dart              |     1 |     5 |     5 |    30 |    19 |       |       ||    60
       Javelin           |       |       |       |       |       |     6 |     1 ||     7
Invok: Berserk           |       |     3 |    13 |    17 |    10 |    15 |     1 ||    59
       Trog's Hand       |       |     2 |     4 |     6 |     6 |     3 |       ||    21
       Brothers in Arms  |       |       |       |       |     1 |     1 |     1 ||     3
Evoke: Wand              |       |       |       |    10 |       |     2 |       ||    12
  Use: Scroll            |       |       |    15 |    14 |     5 |     8 |     1 ||    43
       Potion            |       |       |     1 |     2 |     1 |    12 |       ||    16
 Stab: Distracted        |     1 |     1 |       |       |     1 |     1 |       ||     4
       Sleeping          |       |     4 |       |       |       |       |       ||     4
Armor: Animal skin       |    16 |     1 |       |       |       |       |       ||    17
       Leather armour    |       |    10 |       |       |       |       |       ||    10
       Chain mail        |       |    28 |   186 |    63 |       |       |       ||   277
       Plate armour      |       |       |       |   215 |   440 |   739 |       ||  1394
       Gold dragon scale |       |       |       |       |     5 |    25 |    35 ||    65
Dodge: Dodged            |    58 |    66 |   181 |   363 |   358 |   690 |    36 ||  1752
Block: Buckler           |     1 |    25 |    83 |    76 |       |       |       ||   185

Table legend: (Time is in decaauts)
 A = Elapsed time spent in this place.
 B = Non-inter-level travel time spent in this place.
 C = Inter-level travel time spent in this place.
 D = Time resting spent in this place.
 E = Time spent auto-exploring this place.
 F = Levels seen in this place.
 G = Mean time per level.
                   A        B        C        D        E       F      G
               +--------+--------+--------+--------+--------+-----+--------+
         Total |  54329 |  48625 |   5704 |  15452 |  25611 |  36 | 1509.1 |
       Dungeon |  23188 |  19902 |   3286 |   4104 |  12690 |  15 | 1545.9 |
          Lair |   9264 |   7892 |   1372 |   1891 |   4952 |   6 | 1544.0 |
        Shoals |   8635 |   8151 |    484 |   3595 |   3234 |   4 | 2158.8 |
   Spider Nest |   8335 |   8148 |    187 |   4219 |   2602 |   4 | 2083.8 |
  Orcish Mines |   2496 |   2161 |    335 |    799 |    989 |   2 | 1248.0 |
   Elven Halls |   1585 |   1548 |     37 |    302 |   1090 |   2 |  792.5 |
         Trove |     92 |     92 |      0 |      0 |     36 |   1 |   92.0 |
      Ice Cave |    592 |    592 |      0 |    439 |      0 |   1 |  592.0 |
    Desolation |    139 |    139 |      0 |    100 |     17 |   1 |  139.0 |
               +--------+--------+--------+--------+--------+-----+--------+

Top non-repeatable levels by time:
Shoals:3: 3462 daAuts
Spider:3: 3030 daAuts
  Lair:3: 2563 daAuts
Spider:4: 2368 daAuts
    D:11: 2345 daAuts
Shoals:2: 2281 daAuts
     D:9: 2088 daAuts
    D:10: 2064 daAuts
     D:8: 2030 daAuts
   Orc:2: 1920 daAuts
Shoals:1: 1908 daAuts
     D:2: 1750 daAuts
    D:12: 1707 daAuts
  Lair:6: 1671 daAuts
Spider:2: 1649 daAuts
